 Dungeon Crawl Stone Soup version 0.30-a0-170-g85af917532 (webtiles) character file.

Game seed: 14499907988030970642

99 qw the Chopper (level 4, -1/28 HPs)
             Began as a Gargoyle Fighter on Sept 30, 2022.
             Slain by a gnoll
             ... wielding a +0 halberd
              (9 damage)
             ... on level 3 of the Dungeon.
             The game lasted 00:00:55 (1895 turns).

qw the Chopper (Gargoyle Fighter)                   Turns: 1895, Time: 00:00:55

Health: -1/28      AC: 15    Str: 22    XL:     4   Next: 72%
Magic:  4/4        EV:  6    Int:  8    God:
Gold:   102        SH:  9    Dex:  9    Spells: 3/3 levels left

rFire   . . .      SeeInvis .    Y - +0 war axe
rCold   . . .      Faith    .    c - +0 buckler
rNeg    + . .      Spirit   .    m - +0 plate armour
rPois   inf        Reflect  +    (no helmet)
rElec   +          Harm     .    (no cloak)
rCorr   .          Rampage  .    (no gloves)
Will    .....                    (no boots)
Stlth   ..........               h - amulet of reflection
HPRegen 0.09/turn                (no ring)
MPRegen 0.09/turn                (no ring)

@: no status effects
A: sickness immunity, AC +3, negative energy resistance 1, electricity
resistance, torment resistance 1, petrification resistance
a: no special abilities


You were on level 3 of the Dungeon.
You visited 1 branch of the dungeon, and saw 3 of its levels.

You collected 102 gold pieces.


Innate Abilities, Weirdness & Mutations

You are immune to sickness and miasma.
Your stone body is resilient. (AC +3)
You are immune to poison.
You resist negative energy. (rN+)
You are resistant to electric shocks. (rElec)
You are resistant to unholy torment.
You are immune to petrification.


   Skills:
 - Level 3.2 Fighting
 + Level 4.3 Axes
 - Level 3.2 Armour
 - Level 3.2 Shields


You had 3 spell levels left.
You didn't know any spells.
Your spell library was empty.

Inventory:

Hand Weapons
 g - a +0 club
 Y - a +0 war axe (weapon)
Armour
 c - a +0 buckler (worn)
 m - a +0 plate armour (worn)
Jewellery
 h - an amulet of reflection (around neck)
Potions
 a - a potion of lignification {unknown}
 b - a potion of degeneration {unknown}
 d - 2 potions of might
 e - 3 potions of haste
 l - a potion of curing
 n - a potion of cancellation

Dungeon Overview and Level Annotations

Branches:
Dungeon (3/15)

Altars:
Fedhas


Message History

A gnoll comes into view. It is wielding a +0 halberd.
The gnoll hits you with a +2 vorpal spear!
You hit the gnoll.
The gnoll is moderately wounded.
You slash the gnoll!
The gnoll hits you with a +2 vorpal spear.
The gnoll hits you but does no damage.
You hit the gnoll.
The gnoll is almost dead.
You completely miss the gnoll. You closely miss the gnoll.
You closely miss the orc. You block the gnoll's attack.
The gnoll hits you but does no damage. x2
You block the orc's attack.
The gnoll hits you from afar with a +0 halberd.
The gnoll hits you but does no damage. x2; The gnoll closely misses you.
You block the orc's attack.
You slash the gnoll!
You kill the gnoll!
You slash the gnoll! You barely miss the orc.
You hit the gnoll but do no damage. The gnoll barely misses you.
The orc hits you but does no damage. You block the gnoll's attack. x2
You hit the gnoll but do no damage.
The gnoll is almost dead.
You closely miss the gnoll. You closely miss the orc.
You block the gnoll's attack. x2; The gnoll hits you but does no damage.
The orc hits you but does no damage.
You closely miss the gnoll.
The gnoll is almost dead.
You slash the orc!
You kill the orc!
You slash the gnoll! You block the gnoll's attack.
The gnoll hits you but does no damage. The gnoll barely misses you.
The gnoll hits you but does no damage. x2
You hit the gnoll.
The gnoll is almost dead.
You completely miss the gnoll. The gnoll barely misses you.
The gnoll hits you from afar with a +0 halberd!
You die...

............#........#
............#........#
............#........#
#####'##....#%.......#
#.##.............###
#.##.#.............#
#....#...)..#......#
######......#......#
#.....g@g...#
#.....).#######
+......g#......
#.......'.o..g.
#.......#'......
#...#+##....#### +...
....# #.. ....# .[.#


You could see 3 gnolls.

Vanquished Creatures
  2 adders (D:2)
  A gnoll (D:3)
  4 dart slugs (D:1)
  3 orcs (D:3)
  An endoplasm (D:1)
  5 giant cockroaches
  12 goblins
  6 hobgoblins
  2 jackals (D:1)
  2 quokkas (D:1)
  2 ball pythons
  5 bats
  5 frilled lizards
  4 kobolds
  3 rats
57 creatures vanquished.

Notes
Turn   | Place    | Note
-------+----------+-------------------------------------------
     0 | D:1      | qw the Gargoyle Fighter began the quest for the Orb.
     0 | D:1      | Reached XP level 1. HP: 14/14 MP: 1/1
     0 | D:1      | 0 ||| qw: Version: 0.2-a-12-gaebbb33
     0 | D:1      | 0 ||| qw: Game counter: 1471
     0 | D:1      | 0 ||| qw: Always use a shield: true
     0 | D:1      | 0 ||| qw: God list: Okawaru
     0 | D:1      | 0 ||| qw: Allow faded altars: false
     0 | D:1      | 0 ||| qw: Do Orc after D:15 true
     0 | D:1      | 0 ||| qw: Do second Lair branch before Depths: true
     0 | D:1      | 0 ||| qw: Lair rune preference: random
     0 | D:1      | 0 ||| qw: Plans: Normal, Zot:1-4, God:TSO, Crypt, Tomb,
                  | Pan, Slime:5, Hells, Abyss, Orb
     0 | D:1      | 0 ||| PLANNING D:1-11
    36 | D:1      | 36 ||| Stepping ~*~*~tactically~*~*~ (stealth).
    39 | D:1      | 39 ||| Stepping ~*~*~tactically~*~*~ (stealth).
    49 | D:1      | Reached skill level 2 in Axes
    76 | D:1      | Reached XP level 2. HP: 15/19 MP: 2/2
   383 | D:1      | Reached skill level 3 in Axes
   399 | D:1      | Reached XP level 3. HP: 22/23 MP: 3/3
   618 | D:1      | 618 ||| Stepping ~*~*~tactically~*~*~ (stealth).
   622 | D:1      | 622 ||| Stepping ~*~*~tactically~*~*~ (stealth).
   940 | D:1      | 940 ||| Stepping ~*~*~tactically~*~*~ (hiding).
   942 | D:1      | 942 ||| Stepping ~*~*~tactically~*~*~ (hiding).
  1051 | D:1      | 1051 ||| UPGRADING to +0 plate armour.
  1061 | D:1      | 1061 ||| DROPPING +0 scale mail.
  1062 | D:1      | 1062 ||| UPGRADING to amulet of reflection.
  1067 | D:1      | 1067 ||| READING scroll labelled YHOEWNAOSS.
  1070 | D:1      | 1070 ||| READING 2 scrolls labelled DIULIM GIBE.
  1071 | D:1      | 1071 ||| READING scroll labelled NECASOUMEVU.
  1072 | D:1      | 1072 ||| DRINKING 2 fuming ruby potions.
  1073 | D:1      | 1073 ||| DRINKING 2 brown potions.
  1074 | D:1      | 1074 ||| DRINKING 2 purple potions.
  1075 | D:1      | 1075 ||| DROPPING scroll of noise.
  1076 | D:1      | 1076 ||| DROPPING potion of magic.
  1115 | D:2      | Found a blossoming altar of Fedhas.
  1387 | D:2      | 1387 ||| Stepping ~*~*~tactically~*~*~ (stealth).
  1391 | D:2      | Reached XP level 4. HP: 28/28 MP: 4/4
  1445 | D:2      | Reached skill level 4 in Axes
  1564 | D:2      | 1564 ||| Stepping ~*~*~tactically~*~*~ (stealth).
  1583 | D:2      | Found a faded altar of an unknown god.
  1729 | D:2      | 1729 ||| READING scroll labelled YVVUAZ POEDGH.
  1730 | D:2      | 1730 ||| DRINKING 2 inky potions.
  1775 | D:3      | 1775 ||| STAIRDANCE
  1878 | D:3      | 1878 ||| Stepping ~*~*~tactically~*~*~ (hiding).
  1879 | D:3      | 1879 ||| Stepping ~*~*~tactically~*~*~ (hiding).
  1885 | D:3      | 1885 ||| Stepping ~*~*~tactically~*~*~ (stealth).
  1886 | D:3      | 1886 ||| Stepping ~*~*~tactically~*~*~ (stealth).
  1895 | D:3      | Slain by a gnoll

Levels and vault maps discovered:
D:1:      nzn_arrival_depleted_hourglass, layout_loops_ring
D:2:      layout_loops_ring, basic_altar, shapermc_ecumenical_altar_rom_forum
D:3:      layout_basic, kennysheep_decorative_pillar

Skill      XL: |  1  2  3  4 |
---------------+-------------+-----
Axes           | 2 3 4 |  4.3
Fighting       | |  3.2
Armour         | |  3.2
Shields        | |  3.2

Action                   |  1- 3 |  4- 6 || total
-------------------------+-------+-------++-------
Melee: War axe           |   116 |    56 ||   172
  Use: Scroll            |     3 |     1 ||     4
       Potion            |     3 |     1 ||     4
Armor: Scale mail        |    40 |       ||    40
       Plate armour      |    28 |    45 ||    73
Dodge: Dodged            |    34 |    16 ||    50
Block: Buckler           |    31 |    30 ||    61
       Reflection        |     3 |       ||     3

Table legend:
 A = Non-vault XP
 B = Vault XP
 C = Vault XP percentage of total XP
 D = Non-vault monster count
 E = Vault monster count
 F = Vault count percentage of total count
                 A         B        C        D         E       F
            +---------+---------+-------+---------+---------+-------
      Total |     142 |       0 |   0.0 |      57 |       0 |   0.0
            +---------+---------+-------+---------+---------+-------
        D:1 |      63 |       0 |   0.0 |      33 |       0 |   0.0
        D:2 |      52 |       0 |   0.0 |      18 |       0 |   0.0
        D:3 |      27 |       0 |   0.0 |       6 |       0 |   0.0
            +---------+---------+-------+---------+---------+-------
